 Dungeon Crawl Stone Soup version 0.30.1-10-g1249ef9ec4 (webtiles) character file.

Game seed: 6681325940888779246

14953 lonewolfV2 the Protected (level 11, -11/75 HPs)
             Began as a Demonspawn Fighter on Oct 26, 2023.
             Was a Priest of Qazlal.
             Killed by divine providence
             ... invoked by a meliai
              (14 damage)
             ... on level 13 of the Dungeon.
             The game lasted 00:25:14 (11916 turns).

lonewolfV2 the Protected (Demonspawn Fighter)      Turns: 11916, Time: 00:25:15

Health: -11/75     AC: 28    Str: 22    XL:     11   Next: 95%
Magic:  18/18      EV: 10    Int:  9    God:    Qazlal [***...]
Gold:   1666       SH: 13    Dex: 12    Spells: 10/10 levels left

rFire   . . .        a - +2 war axe (venom)
rCold   . . .        m - +3 warlock's mirror {omnireflect}
rNeg    + . .        t - +1 plate armour
rPois   .            (helmet restricted)
rElec   +            v - +0 cloak
rCorr   .            (no gloves)
SInv    .            f - +2 pair of boots
Will    .....        g - amulet of the Monkey {rN+ Regen+} Stlth
                     z - +4 ring of slaying
HPRegen 1.12/turn    c - +4 ring of protection
MPRegen 0.16/turn

%: reflection
@: no status effects
A: horns 2, thin metallic scales 3, demonic guardian 1
a: Renounce Religion, Upheaval, Elemental Force


You were on level 13 of the Dungeon.
You worshipped Qazlal.
Qazlal was most pleased with you.
You visited 2 branches of the dungeon, and saw 14 of its levels.
You also visited: Sewer.

You collected 1846 gold pieces.
You spent 180 gold pieces at shops.

Inventory:

Hand Weapons
 a - a +2 war axe of venom (weapon)
Missiles
 H - a throwing net (quivered)
Armour
 f - a +2 pair of boots (worn)
 h - a +2 helmet
 m - the +3 warlock's mirror (worn) {omnireflect}
   (You found it on level 4 of the Dungeon)

   Omnireflect: It can block and reflect piercing ranged attacks and magical
   attacks against the wielder's willpower.
 t - a +1 plate armour (worn)
 v - a +0 cloak (worn)
Jewellery
 c - a +4 ring of protection (right hand)
 g - the amulet of the Monkey (around neck) {rN+ Regen+}
   (You found it on level 5 of the Dungeon)

   [amulet of regeneration]

   rN:        It protects you from negative energy.
   Regen:     It increases your rate of health regeneration.
 l - a ring of resist corrosion
 q - a ring of flight
 r - an amulet of faith
 z - a +4 ring of slaying (left hand)
Wands
 i - a wand of flame (15)
 u - a wand of mindburst (40)
 x - a wand of charming (10)
 C - a wand of polymorph (7)
Scrolls
 b - 5 scrolls of identify
 e - 6 scrolls of fear
 n - a scroll of poison
 o - 6 scrolls of teleportation
 p - 5 scrolls of fog
 y - 2 scrolls of magic mapping
 A - 3 scrolls of enchant armour
 D - a scroll of summoning
Potions
 d - a potion of might
 j - 2 potions of cancellation
 k - 4 potions of magic
 s - 3 potions of lignification
 w - 2 potions of curing
 B - 2 potions of attraction
 E - 2 potions of haste
 F - a potion of degeneration
 I - 2 potions of resistance
 J - a potion of ambrosia
Miscellaneous
 G - a lightning rod (4/4)


   Skills:
 + Level 3.1 Fighting
 - Level 1.8 Axes
 - Level 10.5 Armour
 - Level 10.4 Dodging
 * Level 8.3 Shields
 + Level 10.2 Invocations


You had 10 spell levels left.
You didn't know any spells.
Your spell library contained the following spells:

 Spells                   Type           Power      Damage    Failure   Level
 Freeze                   Ice            0%         1d3       99%         1
 Slow                     Hex            0%         N/A       99%         1
 Sting                    Tmut/Pois      0%         1d3       99%         1
 Summon Small Mammal      Summ           0%         N/A       99%         1
 Poisonous Vapours        Pois/Air       0%         N/A       100%        2
 Call Canine Familiar     Summ           0%         N/A       100%        3
 Confusing Touch          Hex            0%         N/A       100%        3
 Frozen Ramparts          Ice            0%         1d1       100%        3
 Gell's Gravitas          Tloc           0%         N/A       100%        3
 Hailstorm                Conj/Ice       0%         3d3       100%        3
 Inner Flame              Hex/Fire       0%         N/A       100%        3
 Mephitic Cloud           Conj/Pois/Air  0%         N/A       100%        3
 Summon Guardian Golem    Hex/Summ       0%         N/A       100%        3
 Teleport Other           Tloc           0%         N/A       100%        3
 Vampiric Draining        Necr           0%         2d6       100%        3
 Flame Wave               Conj/Fire      0%         2d4       100%        4
 Ice Form                 Ice/Tmut       0%         N/A       100%        4
 Olgreb's Toxic Radiance  Pois           0%         N/A       100%        4
 Sticky Flame             Conj/Fire      0%         2d3       100%        4
 Freezing Cloud           Conj/Ice/Air   0%         6-21      100%        5
 Dispersal                Tloc           0%         N/A       100%        6
 Simulacrum               Ice/Necr       0%         N/A       100%        6


Dungeon Overview and Level Annotations

Branches:
Dungeon (13/15)            Temple (1/1) D:7            Lair (0/5) D:8
    Orc (0/2) D:9           Sewer (visited)
 Vaults: D:13-14

Altars:
Ashenzari
Cheibriados
Dithmenos
Fedhas
Gozag
Hepliaklqana
Kikubaaqudgha
Makhleb
Nemelex Xobeh
Okawaru
Qazlal
Trog
Uskayaw
Vehumet
Wu Jian
Xom
Yredelemnul

Shops:
D:3 :   D:9 (


Innate Abilities, Weirdness & Mutations

You have a pair of horns on your head.
You are completely covered in thin metallic scales. (AC +4, rElec)
A weak demonic guardian rushes to your aid.


Message History

The meliai hits your ice devil but does no damage.
You block the meliai's attack. The meliai hits you but does no damage.
The meliai barely misses you.
Your ice devil hits the meliai but does no damage.
Your white imp hits the meliai.
Your white imp freezes the meliai.
You hit the meliai.
The meliai looks as sick as possible!
Your headbutt misses the meliai.
The meliai is almost dead.
You barely miss the meliai. x2
You kill the meliai!
Qazlal accepts your kill. The meliai hits you but does no damage.
The meliai hits your ice devil with a +0 war axe.
The meliai closely misses your white imp.
The meliai stings you but does no damage.
The meliai hits you with a +0 hand axe!
The meliai stings you but does no damage.
You block the meliai's attack.
The meliai hits your ice devil with a +0 war axe!
The meliai hits your white imp with a +0 war axe.
The meliai misses you. The meliai closely misses you.
The meliai stings you but does no damage.
Your ice devil hits the meliai but does no damage.
Your white imp misses the meliai.
The meliai barely misses you.
The meliai barely misses your ice devil.
The meliai hits your white imp with a +0 war axe.
Your white imp dies!
Your white imp disappears in a puff of smoke!
The meliai stings you.
The meliai invokes the aid of its god against you.
Something smites you!
* * * LOW HITPOINT WARNING * * *
The meliai attacks as you move away! You block the meliai's attack. x2
The meliai mumbles some strange prayers to its god against you.
Something smites you!
* * * LOW HITPOINT WARNING * * *
Your ice devil hits the meliai.
Your ice devil freezes the meliai!
The meliai invokes the aid of its god against you.
Something smites you!
You die...

#.......# #.......#
#.......# #.......#
#.......# #...§...+
#.§y...[# #.y4....#
##@###### #...####
## ###....# .
#######'#### #
#....^.....########
#..........##......
#.......>..#.......
#..................
#...........#....).


You could see 2 meliai and a friendly ice devil (summoned).

Vanquished Creatures
  Josephine (D:12)
  A two-headed ogre (D:12)
  A boulder beetle (D:12)
  A deep elf pyromancer (D:13)
  An ugly thing (D:13)
  A cyclops (D:12)
  A manticore (D:12)
  An orange demon (D:8)
  A komodo dragon (D:12)
  A komodo dragon (shapeshifter) (D:11)
  A meliai (D:13)
  6 trolls
  Grinder (D:6)
  A hornet (D:10)
  3 vampires
  9 wraiths
  9 yaks
  3 wyverns (D:8)
  3 vampire mosquitoes (D:11)
  Edmund (D:4)
  5 water moccasins (D:8)
  3 swamp worms (D:7)
  Pargi (Sewer)
  3 ice beasts (D:7)
  6 orc warriors
  A sky beast (D:6)
  3 boggarts (D:13)
  4 centaurs
  3 bullfrogs
  2 gnoll sergeants (D:8)
  A scorpion (D:6)
  5 wights (D:7)
  2 killer bees (D:9)
  A lava snake (D:11)
  4 hounds
  3 jellies
  3 orc priests
  5 sleepcaps
  3 iguanas
  7 orc wizards
  12 gnolls
  4 adders
  A shadow imp (D:6)
  A white imp (D:5)
  A worm (D:5)
  3 dart slugs (D:1)
  61 orcs
  4 bat zombies (D:8)
  7 endoplasms
  3 giant cockroaches
  3 goblins
  9 hobgoblins
  3 jackals (D:1)
  3 quokkas (D:1)
  6 ball pythons
  2 bats
  5 frilled lizards
  7 kobolds
  4 rats
251 creatures vanquished.

Vanquished Creatures (collateral kills)
  A freezing wraith (D:9)
  A steam dragon (D:7)
  An orc warrior (D:9)
  A centaur (D:9)
  A scorpion (D:8)
  A killer bee (D:9)
  A gnoll (D:8)
7 creatures vanquished.

Grand Total: 258 creatures vanquished

Notes
Turn   | Place    | Note
-------+----------+-------------------------------------------
     0 | D:1      | lonewolfV2 the Demonspawn Fighter began the quest for the
                  | Orb.
     0 | D:1      | Reached XP level 1. HP: 18/18 MP: 1/1
   146 | D:1      | Reached skill level 1 in Dodging
   171 | D:1      | Gained mutation: You are partially covered in thin metallic
                  | scales. (AC +2) [demonic ancestry]
   171 | D:1      | Reached XP level 2. HP: 10/24 MP: 2/2
   469 | D:1      | Gained mutation: You are mostly covered in thin metallic
                  | scales. (AC +3) [demonic ancestry]
   469 | D:1      | Reached XP level 3. HP: 29/29 MP: 3/3
  1825 | D:3      | Reached XP level 4. HP: 35/35 MP: 4/4
  2046 | D:3      | Found Yheoqycw's Book Shoppe.
  2625 | D:4      | Found a snail-covered altar of Cheibriados.
  2670 | D:4      | Noticed Edmund
  2675 | D:4      | Reached XP level 5. HP: 27/41 MP: 5/5
  2687 | D:4      | Killed Edmund
  2688 | D:4      | Reached XP level 6. HP: 13/47 MP: 6/6
  3212 | D:4      | Found the +3 warlock's mirror {omnireflect}
  3439 | D:5      | Entered Level 5 of the Dungeon
  3883 | D:5      | Found a glowing drain.
  3905 | D:5      | Reached skill level 5 in Dodging
  3908 | Sewer    | Entered a sewer
  3979 | Sewer    | Noticed Pargi
  4005 | Sewer    | Killed Pargi
  4006 | Sewer    | Gained mutation: You have a pair of small horns on your
                  | head. [demonic ancestry]
  4006 | Sewer    | Reached XP level 7. HP: 37/52 MP: 7/7
  4411 | D:5      | Identified the amulet of the Monkey {rN+ Regen+}
  4484 | D:5      | Reached skill level 5 in Armour
  5227 | D:6      | Noticed Grinder
  5248 | D:6      | Paralysed by Grinder for 2 turns
  5252 | D:6      | Paralysed by Grinder for 4 turns
  5273 | D:6      | Killed Grinder
  5274 | D:6      | Gained mutation: A weak demonic guardian rushes to your
                  | aid. [demonic ancestry]
  5274 | D:6      | Reached XP level 8. HP: 58/58 MP: 8/8
  5390 | D:6      | Found an iron altar of Okawaru.
  5610 | D:7      | Found a staircase to the Ecumenical Temple.
  5661 | D:7      | HP: 1/58 [steam dragon] (10)]
  5750 | D:7      | Gained mutation: You have a pair of horns on your head.
                  | [demonic ancestry]
  5750 | D:7      | Reached XP level 9. HP: 63/63 MP: 9/9
  5766 | Temple   | Entered the Ecumenical Temple
  5830 | Temple   | Became a worshipper of Qazlal Stormbringer
  5965 | D:7      | Reached skill level 1 in Invocations
  6212 | D:7      | Found a burning altar of Makhleb.
  6222 | D:7      | Found a hide-covered altar of Uskayaw.
  6812 | D:8      | Found an ancient bone altar of Kikubaaqudgha.
  6859 | D:8      | Reached * piety under Qazlal
  6887 | D:8      | HP: 3/63 [poisoned by a scorpion]
  6914 | D:8      | Reached skill level 5 in Invocations
  6918 | D:8      | Reached XP level 10. HP: 39/70 MP: 13/13
  6966 | D:8      | Reached skill level 10 in Armour
  6967 | D:8      | Found a staircase to the Lair.
  7571 | D:8      | Noticed Amaemon
  7572 | D:8      | Noticed an orange demon
  7577 | D:8      | Amaemon changed into Amaemon the water moccasin
  7577 | D:8      | Noticed Amaemon
  7587 | D:8      | Killed Amaemon the water moccasin
  7597 | D:8      | Killed an orange demon
  8197 | D:8      | Identified a scroll of acquirement
  8197 | D:8      | Acquired 980 gold pieces
  8211 | D:9      | HP: 2/70 [freezing wraith (19)]
  8380 | D:9      | Found a shadowy altar of Dithmenos.
  8474 | D:9      | Found Axzetu Ineu's Antique Weapon Boutique.
  8618 | D:9      | Reached ** piety under Qazlal
  8806 | D:9      | Found a staircase to the Orcish Mines.
  9084 | D:10     | Entered Level 10 of the Dungeon
  9571 | D:10     | Reached skill level 5 in Shields
 10175 | D:11     | Noticed a faun
 10175 | D:11     | a faun changed into a snapping turtle
 10208 | D:11     | Gained mutation: You are completely covered in thin
                  | metallic scales. (AC +4, rElec) [demonic ancestry]
 10208 | D:11     | Reached XP level 11. HP: 55/75 MP: 16/16
 10238 | D:11     | Reached *** piety under Qazlal
 10313 | D:11     | Noticed a mana viper
 10316 | D:11     | a mana viper changed into a komodo dragon
 10650 | D:12     | Noticed Josephine
 10664 | D:12     | Killed Josephine
 10695 | D:12     | Reached skill level 10 in Dodging
 10805 | D:12     | Noticed a two-headed ogre
 10813 | D:12     | Killed a two-headed ogre
 10926 | D:12     | Noticed a boulder beetle
 10941 | D:12     | Killed a boulder beetle
 11722 | D:13     | Noticed a deep elf pyromancer
 11734 | D:13     | Killed a deep elf pyromancer
 11735 | D:13     | Reached skill level 10 in Invocations
 11747 | D:13     | Noticed a green ugly thing
 11762 | D:13     | Noticed a red ugly thing
 11768 | D:13     | Killed a red ugly thing
 11793 | D:13     | Found Zin's Purification Station.
 11802 | D:13     | Bought 2 potions of curing for 180 gold pieces
 11916 | D:13     | HP: 3/75 [meliai/divine providence (17)]
 11916 | D:13     | Killed from afar by a meliai

Illustrated notes

Levels and vault maps discovered:
D:1:      dpeg_arrival_another_circle, layout_loops_ring
D:2:      layout_basic
D:3:      layout_rooms, serial_shops, shop_coins, hangedman_decor_push
D:4:      layout_cave_pools, mainiacjoe_overflow_boulevard, chequers_garden,
          minivault_19, uniq_edmund
D:5:      layout_cave_pools, cheibrodos_sewer_entry_drain, hellmonk_no_cap
D:6:      layout_rooms, mainiacjoe_overflow_chevrons, uniq_grinder
D:7:      layout_loops_cross, amethyst_overflow_temple_binary,
          minmay_temple_entry_water_ring, worms_lemuel
D:8:      nicolae_cairo_tiling, layout_basic, lemuel_zombie_altar_kikubaaqudgha,
          minmay_lair_entry_grove, uniq_amaemon
D:9:      layout_irregular_city, mainiacjoe_overflow_surrounded_room,
          minmay_orc_entry_temple_small, serial_shops, nicolae_shop_statue_plus
D:10:     layout_roguey [special_room_orc]
D:11:     layout_basic, kennysheep_island_fort
D:12:     layout_long_grid, uniq_josephine
D:13:     layout_roguey, zin_purify
Temple:   nicolae_temple_bog_church

Skill      XL: |  1  2  3  4  5  6  7  8  9 10 11 |
---------------+----------------------------------+-----
Dodging        | 1 2 3 4 5 6 7 8 9 10 | 10.4
Armour         | 3 4 6 8 9 10 | 10.5
Invocations    | 5 7 10 | 10.2
Shields        | 5 8 |  8.3
Fighting       | |  3.1
Axes           | |  1.8

Action                     |  1- 3 |  4- 6 |  7- 9 | 10-12 || total
---------------------------+-------+-------+-------+-------++-------
  Melee: War axe           |   126 |   120 |   288 |   334 ||   868
         Headbutt          |       |       |    57 |    75 ||   132
  Evoke: Wand              |       |       |       |     5 ||     5
    Use: Scroll            |     7 |     7 |     3 |     8 ||    25
         Potion            |       |     6 |     4 |     6 ||    16
   Stab: Distracted        |       |       |     1 |       ||     1
 Armour: Scale mail        |    82 |     5 |       |       ||    87
         Plate armour      |       |   176 |   268 |   302 ||   746
  Dodge: Dodged            |    76 |    86 |   167 |   196 ||   525
  Block: Buckler           |    32 |    71 |   188 |   258 ||   549
         Reflection        |       |     1 |    14 |    14 ||    29
